 Dungeon Crawl Stone Soup version 0.23.2-33-g5129a83184 (webtiles) character file.

Game seed: 12597867443504932563

97 DorianNounverber the Firebug (level 4, 0/34 HPs)
             Began as a Draconian Fire Elementalist on July 10, 2019.
             Slain by a gnoll
             ... wielding a +0 spear
              (10 damage)
             ... on level 3 of the Dungeon.
             The game lasted 00:09:48 (2684 turns).

DorianNounverber the Firebug (DrFE)                 Turns: 2684, Time: 00:09:49

Health: 0/34       AC:  6    Str: 11    XL:     4   Next: 42%
Magic:  3/8        EV: 12    Int: 16    God:
Gold:   66         SH:  0    Dex: 11    Spells: 2/8 levels left

rFire    . . .     SeeInvis .   c - -1 whip (curse)
rCold    . . .     Gourm    .   (no shield)
rNeg     . . .     Faith    .   (armour unavailable)
rPois    .         Spirit   .   (helmet restricted)
rElec    .         Reflect  .   f - +0 cloak
rCorr    .         Harm     .   (no gloves)
MR       .....                  (no boots)
Stlth    ++........             a - amulet of inaccuracy (curse)
HPRegen  0.11/turn              (no ring)
MPRegen  0.11/turn              (no ring)

@: no status effects
A: unfitting armour, cold-blooded, AC +5
a: no special abilities


You were on level 3 of the Dungeon.
You were not hungry.

You visited 1 branch of the dungeon, and saw 3 of its levels.

You collected 66 gold pieces.

Inventory:

Hand Weapons
 c - a cursed -1 whip (weapon)
Missiles
 g - 4 javelins (quivered)
Armour
 f - a +0 cloak (worn)
Jewellery
 a - a cursed amulet of inaccuracy (around neck)
Wands
 d - a wand of digging (4)
Scrolls
 i - a scroll of teleportation
Potions
 e - 2 potions of lignification
 h - a potion of mutation {unknown}
Comestibles
 b - 5 rations


   Skills:
 * Level 0.5 Fighting
 * Level 1.1 Maces & Flails
 * Level 2.2 Dodging
 + Level 1.9 Stealth
 * Level 2.8 Spellcasting
 - Level 1.0 Conjurations
 * Level 4.0 Fire Magic


You had 2 spell levels left.
You knew the following spells:

 Your Spells              Type           Power        Failure   Level  Hunger
a - Flame Tongue          Conj/Fire      ##...        7%          1    #......
b - Throw Flame           Conj/Fire      ##....       11%         2    ##.....
c - Conjure Flame         Conj/Fire      ##......     21%         3    ###....

Your spell library contained the following spells:

 Spells                   Type           Power        Failure   Level  Hunger
 Inner Flame              Hex/Fire       #.......     26%         3    ###....
 Sticky Flame             Conj/Fire      ##......     56%         4    #####..
 Fireball                 Conj/Fire      ##........   88%         5    ######.


Dungeon Overview and Level Annotations

Branches:
Dungeon (3/15)

Altars:


Innate Abilities, Weirdness & Mutations

Your plain brown scales are hard. (AC +5)
You cannot fit into any form of body armour.
You are cold-blooded and may be slowed by cold attacks.


Message History

The gnoll hits you with a +0 flail.
The gnoll hits you from afar with a +0 spear.
You hit the gnoll.
The gnoll is almost dead.
The gnoll misses you.
The gnoll hits you from afar with a +0 spear.
You closely miss the gnoll.
You tail-slap the gnoll, but do no damage.
The gnoll is almost dead.
The gnoll hits you from afar with a +0 spear.
* * * LOW HITPOINT WARNING * * *
The gnoll misses you.
You hit the gnoll.
You kill the gnoll!
The gnoll barely misses you.
Your magical contamination has completely faded away.
A gnoll comes into view. It is wielding a +0 club.
There is a stone staircase leading up here.
The gnoll hits you from afar with a +0 spear!
You die...

####### #.....# ########
##.....# #......# #......#
#..###.# #......# ##...##.#
#......# #.....#.########
#.##.### ##..(.@......#.##
#.##.######.).....##.....##
#)##.............g#.#)....##
#.#########........#.......#
#(# ##'#...##.#.(...##
#.##### #...#####........#
#)....# #.?.. #.#.#.##.#
#..##.# #..... #.##..# .#
##...#.##...... ##.#...##.#


You could see a gnoll.

Vanquished Creatures
  An iguana (D:2)
  A gnoll (D:3)
  An adder (D:2)
  2 worms (D:2)
  A dart slug (D:2)
  A leopard gecko (D:2)
  6 bats
  2 giant cockroaches
  6 goblins
  4 hobgoblins (D:2)
  5 jackals
  5 frilled lizards
  5 kobolds
  3 rats (D:1)
43 creatures vanquished.

Notes
Turn   | Place    | Note
-------+----------+-------------------------------------------
     0 | D:1      | DorianNounverber the Draconian Fire Elementalist began the
                  | quest for the Orb.
     0 | D:1      | Reached XP level 1. HP: 14/14 MP: 3/3
   254 | D:1      | Reached XP level 2. HP: 17/20 MP: 5/5
   366 | D:1      | Learned a level 2 spell: Throw Flame
  1181 | D:2      | Reached XP level 3. HP: 19/26 MP: 3/6
  1663 | D:2      | Reached skill level 1 in Maces & Flails
  2035 | D:2      | Learned a level 3 spell: Conjure Flame
  2299 | D:2      | Reached skill level 4 in Fire Magic
  2299 | D:2      | Reached XP level 4. HP: 17/34 MP: 1/7
  2684 | D:3      | Slain by a gnoll

Skill      XL: |  1  2  3 |
---------------+----------+-----
Dodging        | 2 |  2.2
Maces & Flails | 1 |  1.1
Fire Magic     | 4 |  4.0
Fighting       | |  0.5
Stealth        | |  1.9
Spellcasting   | |  2.8
Conjurations   | |  1.0

Action                   |  1- 3 |  4- 6 || total
-------------------------+-------+-------++-------
Melee: Whip              |    46 |    20 ||    66
       Tailslap          |     8 |     2 ||    10
Throw: Javelin           |       |     1 ||     1
 Cast: Flame Tongue      |    40 |       ||    40
       Throw Flame       |    18 |     2 ||    20
       Conjure Flame     |     1 |       ||     1
  Use: Scroll            |     3 |     2 ||     5
 Stab: Sleeping          |       |     1 ||     1
  Eat: Chunk             |     5 |       ||     5
       Ration            |     1 |       ||     1
Armor: Skin              |    21 |     3 ||    24
Dodge: Dodged            |    47 |    10 ||    57
